General information
- name: BNet
- type: Ladder 1vs1/FFA
- host: Battle.net
- saver: birchumm
map: TurtleRock
- players: 2
- length: 53:46
- speed: Fast
- version: 1.26 W3XP
- replay type: Public
» download(153 KB)
Players
team 1 (winner)
birchumm (
blue | 67 APM | 3583 actions | 53:46)
5 Archmage
3 Blizzard
2 Brilliance Aura
5 Blood Mage
3 Flame Strike
2 Siphon Mana
» actions
| Assign group hotkey | 72 | |
| Basic commands | 96 | |
| Build / train | 159 | |
| ESC pressed | 3 | |
| Enter build submenu | 61 | |
| Enter hero's abilities submenu | 10 | |
| Give item / drop item | 14 | |
| Right click | 1498 | |
| Select / deselect | 812 | |
| Select group hotkey | 487 | |
| Use ability | 371 | |
3583 total
» units
| Peasant | 32 | |
| Sorceress | 5 | |
| Mortar Team | 3 | |
| Flying Machine | 3 | |
| Dragonhawk Rider | 5 | |
48 total
» upgrades
| Masonry | 4 | |
| Sorceress Training | 2 | |
| Gunpowder | 3 | |
| Magic Sentry | 1 | |
| Flare | 1 | |
| Lumber Harvesting | 2 | |
| Swords | 3 | |
| Cloud | 1 | |
| Armor | 3 | |
| Animal War Training | 1 | |
| Storm Hammers | 1 | |
| Plating | 2 | |
| Flak Cannons | 1 | |
| Barrage | 1 | |
26 total
» buildings
| Altar of Kings | 2 | |
| Farm | 17 | |
| Arcane Vault | 3 | |
| Scout Tower | 58 | |
| Lumber Mill | 3 | |
| Arcane Tower | 12 | |
| Guard Tower | 21 | |
| Keep | 3 | |
| Arcane Sanctum | 1 | |
| Blacksmith | 2 | |
| Workshop | 2 | |
| Castle | 3 | |
| Gryphon Aviary | 6 | |
| Town Hall | 4 | |
| Barracks | 1 | |
138 total
» build order
00:08 Altar of Kings
00:29 Farm
00:56 Arcane Vault
01:01 Farm
01:12 Scout Tower
01:19 Lumber Mill
02:05 Arcane Tower
02:48 Scout Tower
02:54 Scout Tower
02:55 Scout Tower
03:39 Guard Tower
03:41 Guard Tower
03:44 Guard Tower
03:53 Keep
03:57 Scout Tower
03:58 Scout Tower
04:42 Guard Tower
04:59 Guard Tower
04:59 Guard Tower
06:52 Arcane Sanctum
07:00 Blacksmith
07:08 Farm
07:09 Farm
07:11 Farm
08:34 Workshop
08:39 Workshop
08:40 Farm
08:43 Farm
11:41 Castle
13:35 Gryphon Aviary
13:36 Gryphon Aviary
14:14 Scout Tower
14:15 Scout Tower
14:15 Scout Tower
14:16 Scout Tower
14:17 Scout Tower
14:17 Scout Tower
15:12 Guard Tower
15:15 Town Hall
16:01 Scout Tower
16:02 Scout Tower
17:00 Arcane Tower
17:01 Guard Tower
18:12 Gryphon Aviary
19:07 Scout Tower
19:07 Scout Tower
19:10 Lumber Mill
19:53 Scout Tower
20:07 Arcane Tower
20:08 Arcane Tower
20:11 Arcane Tower
20:12 Scout Tower
20:13 Scout Tower
20:31 Barracks
21:17 Guard Tower
21:18 Arcane Vault
22:50 Scout Tower
22:51 Scout Tower
23:46 Scout Tower
23:46 Scout Tower
23:48 Scout Tower
23:50 Scout Tower
23:50 Scout Tower
23:52 Scout Tower
23:52 Scout Tower
23:53 Scout Tower
24:25 Guard Tower
24:34 Guard Tower
25:15 Arcane Tower
25:16 Guard Tower
25:27 Town Hall
26:45 Scout Tower
26:45 Scout Tower
26:46 Scout Tower
30:52 Arcane Tower
30:53 Guard Tower
32:16 Keep
34:42 Castle
35:38 Scout Tower
35:38 Scout Tower
35:39 Scout Tower
35:40 Scout Tower
35:41 Scout Tower
35:41 Scout Tower
35:42 Scout Tower
35:43 Scout Tower
36:12 Guard Tower
36:16 Town Hall
36:25 Scout Tower
36:26 Scout Tower
36:27 Scout Tower
36:38 Arcane Tower
36:40 Guard Tower
37:11 Guard Tower
38:37 Guard Tower
41:18 Lumber Mill
43:40 Keep
43:49 Arcane Vault
43:53 Gryphon Aviary
43:53 Gryphon Aviary
43:54 Gryphon Aviary
44:46 Altar of Kings
44:53 Farm
44:54 Farm
44:54 Farm
44:55 Farm
44:56 Farm
44:57 Farm
44:58 Farm
44:59 Farm
45:00 Farm
45:01 Farm
45:46 Blacksmith
47:03 Scout Tower
47:04 Scout Tower
47:05 Scout Tower
47:06 Scout Tower
47:08 Scout Tower
47:08 Scout Tower
47:09 Scout Tower
47:10 Scout Tower
47:16 Castle
47:59 Guard Tower
48:04 Town Hall
48:05 Guard Tower
48:11 Scout Tower
48:12 Scout Tower
48:13 Scout Tower
48:14 Scout Tower
48:21 Arcane Tower
48:45 Guard Tower
48:46 Scout Tower
49:16 Guard Tower
52:11 Scout Tower
52:12 Scout Tower
52:54 Arcane Tower
» items
| Lesser Clarity Potion | 3 | |
| Scroll of Regeneration | 12 | |
| Mechanical Critter | 1 | |
| Staff of Teleportation | 2 | |
| Boots of Speed | 1 | |
| Scroll of Town Portal | 3 | |
| Potion of Healing | 4 | |
| Potion of Mana | 1 | |
| Ivory Tower | 2 | |
| Staff of Sanctuary | 2 | |
| Periapt of Vitality | 1 | |
32 total
team 2 (loser)
imng (
purple | 65 APM | 3482 actions | 53:45)
4 Dark Ranger
2 Black Arrow
2 Silence
3 Priestess of the Moon
1 Scout
2 Trueshot Aura
» actions
| Assign group hotkey | 79 | |
| Basic commands | 119 | |
| Build / train | 113 | |
| ESC pressed | 28 | |
| Enter build submenu | 32 | |
| Enter hero's abilities submenu | 7 | |
| Right click | 604 | |
| Select / deselect | 824 | |
| Select group hotkey | 1542 | |
| Use ability | 134 | |
3482 total
» units
| Wisp | 24 | |
| Archer | 23 | |
| Dryad | 2 | |
| Druid of the Claw | 6 | |
| Hippogryph | 17 | |
| Glaive Thrower | 11 | |
83 total
» upgrades
| Moon Armor | 2 | |
| Druid of the Claw Training | 2 | |
| Strength of the Moon | 2 | |
| Abolish Magic | 1 | |
| Reinforced Hides | 1 | |
| Strength of the Wild | 1 | |
| Mark of the Claw | 1 | |
| Vorpal Blades | 1 | |
11 total
» buildings
| Ancient of War | 1 | |
| Moon Well | 21 | |
| Altar of Elders | 1 | |
| Tree of Ages | 6 | |
| Hunter's Hall | 2 | |
| Ancient of Lore | 1 | |
| Tree of Life | 1 | |
| Ancient of Wonders | 1 | |
| Tree of Eternity | 1 | |
| Ancient of Wind | 1 | |
36 total
» build order
00:09 Ancient of War
00:13 Moon Well
00:48 Altar of Elders
01:14 Moon Well
03:02 Moon Well
04:50 Tree of Ages
04:57 Moon Well
07:03 Hunter's Hall
10:46 Ancient of Lore
12:37 Tree of Life
15:57 Tree of Ages
15:57 Tree of Ages
15:57 Tree of Ages
17:18 Ancient of Wonders
19:34 Tree of Eternity
19:37 Ancient of Wind
21:42 Moon Well
23:19 Moon Well
29:40 Moon Well
30:22 Moon Well
30:42 Moon Well
30:46 Moon Well
31:47 Moon Well
33:11 Hunter's Hall
36:51 Moon Well
38:56 Moon Well
42:06 Moon Well
42:20 Moon Well
51:08 Moon Well
51:09 Moon Well
51:12 Moon Well
51:14 Moon Well
51:21 Moon Well
52:59 Moon Well
» items
| Scroll of Town Portal | 2 | |
| Potion of Mana | 1 | |
3 total
Chat log
(53:30 / All) imng: if you spent half as much learning the game as building towers you could actually win a game and not just have people give u
(53:32 / All) birchumm: lol
(53:34 / All) birchumm: too long
(53:35 / All) birchumm: didnt read
(53:37 / All) birchumm: but ur mad :)
(53:39 / All) imng: p on trying to kill your bases